 Dungeon Crawl Stone Soup version 0.26-b1-32-g5d43845318 (webtiles) character file.

Game seed: 5264925868355245919

1649 Borgoz the Skirmisher (level 9, 0/78 HPs)
             Began as a Ghoul Gladiator on Jan 13, 2021.
             Was a Follower of Okawaru.
             Slain by an ufetubus (1 damage)
             ... on level 6 of the Dungeon.
             The game lasted 00:07:50 (6958 turns).

Borgoz the Skirmisher (Ghoul Gladiator)             Turns: 6958, Time: 00:07:51

Health: 0/78       AC: 11    Str: 19    XL:     9   Next: 0%
Magic:  8/8        EV: 13    Int:  3    God:    Okawaru [*.....]
Gold:   326        SH:  5    Dex: 12    Spells: 8/8 levels left

rFire    . . .     SeeInvis .   a - +5 flail (drain)
rCold    + . .     Faith    .   w - +2 buckler
rNeg     + + +     Spirit   .   l - +0 ring mail
rPois    ∞         Reflect  .   c - +0 helmet
rElec    .         Harm     .   (no cloak)
rCorr    +         Rampage  .   t - +2 pair of gloves
Will     .....                  j - +0 pair of boots
Stlth    +.........             (no amulet)
HPRegen  0.00/turn              s - ring of resist corrosion
MPRegen  0.11/turn              (no ring)

@: no status effects
A: claws 1, cold resistance 1, negative energy resistance 3, inhibited
regeneration, torment resistance, unbreathing
a: Renounce Religion, Heroism


You were on level 6 of the Dungeon.
You worshipped Okawaru.
Okawaru was aware of your devotion.
You visited 2 branches of the dungeon, and saw 7 of its levels.

You collected 326 gold pieces.

Inventory:

Hand Weapons
 a - a +5 flail of draining (weapon)
 b - a +2 flail of protection
Missiles
 d - 3 throwing nets (quivered)
Armour
 c - a +0 helmet (worn)
 j - a +0 pair of boots (worn)
 l - a +0 ring mail (worn)
 t - a +2 pair of gloves (worn)
 w - a +2 buckler (worn)
Jewellery
 s - a ring of resist corrosion (left hand)
Wands
 m - a wand of acid (13)
Scrolls
 i - 2 scrolls of identify
 n - a scroll of fog
 p - 2 scrolls of remove curse
 r - 2 scrolls of teleportation
Potions
 f - 2 potions of flight
 g - 2 potions of cancellation
 h - a potion of magic
 k - 2 potions of brilliance
 o - 2 potions of curing


   Skills:
 * Level 6.4 Fighting
 * Level 5.7 Maces & Flails
 - Level 1.7 Throwing
 * Level 4.8 Armour
 * Level 5.7 Dodging


You had 8 spell levels left.
You didn't know any spells.
Your spell library contained the following spells:

 Spells                   Type           Power        Failure   Level
 Magic Dart               Conj           0%           86%         1


Dungeon Overview and Level Annotations

Branches:
Dungeon (6/15)             Temple (1/1) D:6

Altars:
Ashenzari
Cheibriados
Dithmenos
Elyvilon
Gozag
Hepliaklqana
Kikubaaqudgha
Nemelex Xobeh
Okawaru
Qazlal
Ru
Sif Muna
Trog
Uskayaw
Vehumet
Wu Jian
Xom
Yredelemnul
Zin
The Shining One


Innate Abilities, Weirdness & Mutations

You thrive by killing the living.
You are immune to poison.
You have sharp fingernails.
Your flesh is cold resistant. (rC+)
You are immune to negative energy. (rN+++)
You do not regenerate when monsters are visible.
You are immune to unholy pain and torment.
You can survive without breathing.


Message History

You block the ufetubus's attack. The ufetubus hits you.
* * * LOW HITPOINT WARNING * * *
The gnoll hits you from afar with a +0 halberd.
* * * LOW HITPOINT WARNING * * *
The ufetubus barely misses you.
The ufetubus hits you but does no damage.
As you read the scroll of fear, it crumbles to dust.
You assume a fearsome visage.
The ufetubus is unaffected.
The gnoll looks frightened! x2; The ufetubus completely misses you.
The ufetubus hits you but does no damage.
The gnoll prays for help.
You closely miss the ufetubus.
The ufetubus is lightly wounded.
The ufetubus barely misses you.
The ufetubus hits you but does no damage.
You block the ufetubus's attack. The ufetubus closely misses you.
You hit the ufetubus.
The ufetubus is severely wounded.
You block the ufetubus's attack. The ufetubus hits you.
You die...

#≈≈...≈≈#.# #...
##≈).♣..≈#.# #...
##..........#########..
#...♣._.♣......>....... #
#..........####.####...
##. #≈..♣..≈## #.# #...
#.). #≈≈...≈≈# #.# #...
.....###...### #.# #...
.......##@## #.# ##...
.......)5)# #.# #..#.
#...gg############.###.###
#.... ................##
.... ###.....##.###....
... .........#..####.. ..
#........##.# ##. #
##.......##.# #.
##.....###># ##.


You could see 2 gnolls and an ufetubus.

Vanquished Creatures
  Sigmund (D:4)
  Edmund (D:4)
  An orc warrior (D:6)
  A sky beast (D:6)
  A black bear (D:6)
  A phantom (D:6)
  An ogre (D:6)
  A centaur (D:6)
  The ghost of Borgoz the Cudgeller, an amateur GrGl (D:3)
  2 bullfrogs (D:6)
  A gnoll sergeant (D:6)
  A scorpion (D:4)
  A water moccasin skeleton (D:4)
  A quasit (D:6)
  A jelly (D:6)
  An orc wizard (D:6)
  Natasha (D:4)
  An iguana (D:4)
  Ijyb (D:3)
  5 worker ants
  A hound skeleton (D:5)
  A worker ant zombie (D:6)
  Robin (D:4)
  3 gnolls (D:6)
  6 adders
  6 worms
  2 dart slugs
  3 leopard geckos
  2 orcs
  2 ball pythons
  4 giant cockroaches
  8 hobgoblins
  3 jackals (D:1)
  2 quokkas
  9 bats
  6 frilled lizards
  16 goblins
  9 kobolds
  A leopard gecko skeleton (D:4)
  A quokka skeleton (D:5)
  11 rats
122 creatures vanquished.

Vanquished Creatures (others)
  An orc (D:6)
  A quokka (D:6)
2 creatures vanquished.

Grand Total: 124 creatures vanquished

Notes
Turn   | Place    | Note
-------+----------+-------------------------------------------
     0 | D:1      | Borgoz the Ghoul Gladiator began the quest for the Orb.
     0 | D:1      | Reached XP level 1. HP: 17/17 MP: 0/0
   238 | D:1      | Reached XP level 2. HP: 24/25 MP: 1/1
  1034 | D:2      | Reached skill level 1 in Armour
  1034 | D:2      | Reached XP level 3. HP: 19/30 MP: 2/2
  1457 | D:2      | Reached XP level 4. HP: 37/37 MP: 3/3
  1482 | D:2      | Reached skill level 3 in Fighting
  2435 | D:3      | Found a stormy altar of Qazlal.
  2515 | D:3      | Found a runed translucent door.
  2516 | D:3      | Noticed Borgoz's ghost (amateur GrGl)
  2530 | D:3      | Reached XP level 5. HP: 25/45 MP: 4/4
  2672 | D:3      | Noticed Ijyb
  2693 | D:3      | Killed Ijyb
  2697 | D:3      | You fall into a shaft and drop 2 floors!
  2697 | D:5      | Entered Level 5 of the Dungeon
  3553 | D:4      | Noticed Robin
  3554 | D:4      | Reached XP level 6. HP: 52/52 MP: 5/5
  3563 | D:4      | Killed Robin
  3603 | D:4      | Noticed Sigmund
  3606 | D:4      | Noticed Natasha
  4031 | D:4      | Reached skill level 4 in Fighting
  4104 | D:4      | Killed Sigmund
  4105 | D:4      | Reached XP level 7. HP: 42/60 MP: 6/6
  4637 | D:4      | Killed Natasha
  4664 | D:4      | Noticed Edmund
  4673 | D:4      | Killed Edmund
  4739 | D:4      | Found a shimmering blue altar of Sif Muna.
  4741 | D:4      | Found an ancient bone altar of Kikubaaqudgha.
  4742 | D:4      | Found a radiant altar of Vehumet.
  4746 | D:4      | Identified Vehumet's Volume of Blows and Bruises
  4959 | D:3      | Killed Borgoz's ghost
  5280 | D:5      | Found a sacrificial altar of Ru.
  5281 | D:5      | Found an iron altar of Okawaru.
  5283 | D:5      | Found a glowing silver altar of Zin.
  5285 | D:5      | Found an ornate altar of the Wu Jian Council.
  5286 | D:5      | Found a sparkling altar of Nemelex Xobeh.
  5299 | D:5      | Became a worshipper of Warmaster Okawaru
  5310 | D:5      | Found a basalt altar of Yredelemnul.
  5823 | D:6      | Reached skill level 5 in Fighting
  5831 | D:6      | Found a staircase to the Ecumenical Temple.
  5846 | D:6      | Reached XP level 8. HP: 65/68 MP: 7/7
  5886 | Temple   | Entered the Ecumenical Temple
  6022 | D:6      | Reached skill level 5 in Dodging
  6026 | D:6      | Reached skill level 5 in Maces & Flails
  6541 | D:6      | Reached * piety under Okawaru
  6542 | D:6      | Reached skill level 6 in Fighting
  6908 | D:6      | Found a white marble altar of Elyvilon.
  6952 | D:6      | Reached XP level 9. HP: 15/78 MP: 8/8
  6954 | D:6      | HP: 1/78 [gnoll/+0 halberd (6)]
  6958 | D:6      | Slain by an ufetubus

Illustrated notes

Levels and vault maps discovered:
D:1:      wheals_arrival_linesprint, layout_loops_ring
D:2:      layout_basic
D:3:      layout_rooms, lemuel_crystal_altar, gammafunk_ghost_grave,
          grunt_ministairs_9, uniq_ijyb
D:4:      wad_crossroads, layout_loops_ring,
          grunt_temple_overflow_magic_moments, uniq_sigmund, uniq_natasha,
          uniq_robin, uniq_edmund
D:5:      layout_gridville, grunt_temple_overflow_open, lemuel_round_altar
D:6:      layout_rooms, elyvilon_altar_4, gammafunk_temple_overflow_wave,
          minmay_temple_entry_slanted
Temple:   nicolae_temple_figure_zero

Skill      XL: |  1  2  3  4  5  6  7  8 |
---------------+-------------------------+-----
Dodging        | 3 4 5 |  5.7
Maces & Flails | 3 4 5 |  5.7
Armour         | 1 2 3 4 |  4.8
Fighting       | 3 4 5 6 |  6.4
Throwing       | |  1.7

Action                   |  1- 3 |  4- 6 |  7- 9 || total
-------------------------+-------+-------+-------++-------
Melee: Flail             |   113 |   251 |   195 ||   559
  Use: Potion            |     1 |    10 |     1 ||    12
       Scroll            |       |       |    10 ||    10
Armor: Leather armour    |    40 |    84 |    15 ||   139
       Ring mail         |       |       |   103 ||   103
Dodge: Dodged            |   117 |   138 |   161 ||   416
Block: Buckler           |    31 |    65 |    65 ||   161
